 Dungeon Crawl Stone Soup version 0.24.0-13-gcf9b3192b9 (webtiles) character file.

Game seed: 10661055399362542191, levelgen mode: deterministic

9088 FishyPogo the Fighter (level 11, -3/62 HPs)
             Began as a Vine Stalker Fighter on Nov 9, 2019.
             Was an Elder of Wu Jian.
             Slain by a manticore (8 damage)
             ... on level 11 of the Dungeon on Nov 10, 2019.
             The game lasted 00:47:01 (8102 turns).

FishyPogo the Fighter (Vine Stalker Fighter)        Turns: 8102, Time: 00:47:02

Health: -3/62      AC: 11    Str: 21    XL:     11   Next: 41%
Magic:  0/15       EV: 12    Int:  8    God:    Wu Jian [****..]
Gold:   228        SH:  0    Dex: 17    Spells: 10/10 levels left

rFire    + . .     SeeInvis +   I - +2 battleaxe "Wehir" {venom, rPois rN+ MR+}
rCold    + . .     Gourm    .   (shield currently unavailable)
rNeg     + . .     Faith    .   q - +5 ring mail of the Cast Vote {rC- Regen+ SInv}
rPois    +         Spirit   +   (helmet restricted)
rElec    .         Reflect  .   e - scarf {rC+ rF+}
rCorr    .         Harm     .   (no gloves)
MR       ++...     Clarity  +   (no boots)
Stlth    +++.......             r - amulet of regeneration
HPRegen  1.40/turn              E - ring of stealth
MPRegen  0.14/turn              N - ring of protection from cold

@: barbed spikes
A: fangs 3, horns 1, agile 1, clarity, regeneration 1, evolution 1, magic
shield, antimagic bite, no potion heal 3, rot immunity, subdued magic 1
a: Wall Jump, Serpent's Lash, Renounce Religion


You were on level 11 of the Dungeon.
You worshipped Wu Jian.
Wu Jian was greatly pleased with you.
You were not hungry.

You visited 1 branch of the dungeon, and saw 11 of its levels.

You collected 642 gold pieces.
You spent 414 gold pieces at shops.

Inventory:

Hand Weapons
 l - a +1 whip of electrocution
 I - the +2 battleaxe "Wehir" (weapon) {venom, rPois rN+ MR+}
   (You bought it in a shop on level 9 of the Dungeon)

   It poisons the flesh of those it strikes.
   It protects you from poison.
   It protects you from negative energy.
   It affects your resistance to hostile enchantments.
 J - a +3 scimitar of flaming
Missiles
 h - 384 stones (quivered)
 j - 10 boomerangs
Armour
 a - the +2 robe "Wuvyreri" {rPois rC- Regen+ Int-2}
   (You found it on level 7 of the Dungeon)

   It affects your intelligence (-2).
   It makes you vulnerable to cold.
   It protects you from poison.
   It increases your rate of regeneration.
 c - a +1 shield
 e - a scarf of resistance (worn)
 q - the +5 ring mail of the Cast Vote (worn) {rC- Regen+ SInv}
   (You found it on level 11 of the Dungeon)

   It makes you vulnerable to cold.
   It lets you see invisible.
   It increases your rate of regeneration.
 M - a +2 scale mail of positive energy
 O - a +1 robe of resistance
Jewellery
 r - an amulet of regeneration (around neck)
 u - an uncursed ring of ice
 E - a ring of stealth (left hand)
 G - a +5 amulet of reflection
 N - a ring of protection from cold (right hand)
Wands
 o - a wand of polymorph (6)
 D - a wand of random effects (16)
 K - a wand of clouds (4)
Scrolls
 i - a scroll of enchant weapon {unknown}
 k - 5 scrolls of remove curse
 m - 2 scrolls of fear {unknown}
 n - 7 scrolls of identify
 s - 4 scrolls of teleportation {unknown}
 v - 2 scrolls of amnesia {unknown}
 w - a scroll of holy word {unknown}
 x - 2 scrolls of enchant armour
 y - 2 scrolls of noise {unknown}
 C - a scroll of fog
 F - 3 scrolls of magic mapping
 H - 2 scrolls of immolation {unknown}
 R - a scroll of random uselessness {unknown}
Potions
 d - 2 potions of resistance {unknown}
 g - a potion of invisibility {unknown}
 p - 2 potions of heal wounds
 t - a potion of cancellation
 z - 4 potions of haste
 A - 2 potions of curing
 B - a potion of degeneration
 L - a potion of brilliance {unknown}
 P - 3 potions of magic {unknown}
Comestibles
 b - 5 chunks of flesh
 f - 20 rations


   Skills:
 * Level 9.5 Fighting
 - Level 5.0 Maces & Flails
 - Level 2.0 Throwing
 * Level 7.3 Armour
 - Level 2.0 Dodging
 - Level 4.3 Stealth
 + Level 8.1 Shields
 - Level 4.0 Evocations


You had 10 spell levels left.
You didn't know any spells.
Your spell library contained the following spells:

 Spells                   Type           Power        Failure   Level  Hunger
 Shock                    Conj/Air       #...         50%         1    ##.....
 Swiftness                Chrm/Air       #.......     65%         2    ###....
 Static Discharge         Conj/Air       #.......     87%         3    ####...
 Airstrike                Air            #.........   99%         4    #####..
 Lightning Bolt           Conj/Air       #.........   100%        5    ######.


Dungeon Overview and Level Annotations

Branches:
Dungeon (11/15)            Temple (0/1) D:4            Lair (0/6) D:11
    Orc: D:9-12

Altars:
Cheibriados
Elyvilon
Fedhas
Kikubaaqudgha
Makhleb
Nemelex Xobeh
Okawaru
Qazlal
Ru
Trog
Uskayaw
Vehumet
Wu Jian

Shops:
D:9 (   D:10 [

Annotations:
D:4 2 transporters, TheTruth's ghost, amateur HuIE


Innate Abilities, Weirdness & Mutations

You have razor-sharp teeth.
Your natural rate of healing is unusually fast.
When hurt, damage is shared between your health and your magic reserves.
Your bite disrupts and absorbs the magic of your enemies.
Potions cannot restore your health.
You are immune to rotting.
You have a pair of small horns on your head.
You are agile. (Dex +2)
You possess an exceptional clarity of mind.
You evolve.
Your spells are a little easier to cast, but a little less powerful.


Message History

The manticore flicks its tail.
The volley of spikes hits you!
The barbed spikes become lodged in your body.
Throwing (i - inventory. (/) - cycle)
Q - a curare-tipped dart (quivered)
Press: ? - help, Shift-Dir - straight line, f/p - manticore
Aim: a manticore You throw a curare-tipped dart.
The curare-tipped dart completely misses the manticore.
Okay, then.
The barbs in your skin will harm you if you move.
Continue?
The barbed spikes dig painfully into your body as you move.
* * * LOW HITPOINT WARNING * * *
You lunge at the manticore, but your attack speed is too slow for a blow to land.
The manticore bites you!
* * * LOW HITPOINT WARNING * * *
The manticore claws you.
* * * LOW HITPOINT WARNING * * *
The manticore barely misses you.
You completely miss the manticore. The manticore bites you!
You die...

...............
............... #.
#.............
##.###............
#..>..............
..................
...............#
#........H@.....#
#.........†)##.../.
#........#...# ...
##.(.....#...# .
#..<....##.##
#.#....## ## .
##......#
....###.......#
.......<.##..##


You could see a manticore.

Vanquished Creatures
  Erica (D:11)
  A two-headed ogre (D:10)
  2 death yaks (D:10)
  Pikel (D:6)
  A hornet (D:10)
  A troll (D:11)
  A hippogriff (D:7)
  5 yaks
  2 hungry ghosts
  A water moccasin (D:8)
  A soldier ant (D:10)
  Duvessa (D:6)
  A black bear (D:8)
  2 slaves (D:6)
  4 ice beasts
  2 orc warriors
  2 sky beasts
  3 phantoms
  3 ogres
  A big kobold (D:7)
  4 bullfrogs
  Dowan (D:6)
  3 scorpions
  A water moccasin skeleton (D:6)
  17 killer bees
  5 wights (D:6)
  A howler monkey (D:7)
  8 crimson imps
  A hound (D:9)
  A jelly (D:5)
  4 orc priests
  A bullfrog skeleton (D:4)
  A centaur skeleton (D:5)
  11 orc wizards
  3 iguanas
  5 worker ants
  A hound skeleton (D:4)
  8 gnolls
  7 adders
  2 worms (D:2)
  A dart slug (D:4)
  7 leopard geckos
  30 orcs
  A ball python (D:3)
  5 giant cockroaches
  6 goblins
  11 hobgoblins
  18 jackals
  A quokka (D:7)
  3 bats
  7 frilled lizards
  10 kobolds
  2 quokka skeletons
  3 quokka zombies
  7 rats
233 creatures vanquished.

Vanquished Creatures (others)
  2 slaves (D:6)
  2 centaurs
4 creatures vanquished.

Grand Total: 237 creatures vanquished

Notes
Turn   | Place    | Note
-------+----------+-------------------------------------------
     0 | D:1      | FishyPogo the Vine Stalker Fighter began the quest for the
                  | Orb.
     0 | D:1      | Reached XP level 1. HP: 11/11 MP: 2/2
    98 | D:1      | Reached XP level 2. HP: 14/16 MP: 1/3
   192 | D:1      | Reached skill level 3 in Fighting
   375 | D:1      | Reached XP level 3. HP: 19/20 MP: 4/4
   774 | D:2      | Noticed an ice beast
   795 | D:2      | Killed an ice beast
   795 | D:2      | Reached skill level 1 in Throwing
   795 | D:2      | Gained mutation: Your natural rate of healing is unusually
                  | fast. [Vine Stalker growth]
   795 | D:2      | Reached XP level 4. HP: 10/24 MP: 3/5
   795 | D:2      | Reached XP level 5. HP: 12/28 MP: 3/6
   958 | D:2      | Found an ornate altar of the Wu Jian Council.
   971 | D:2      | Became a worshipper of the Wu Jian Council
  1005 | D:2      | Found a sacrificial altar of Ru.
  1307 | D:2      | Reached XP level 6. HP: 33/33 MP: 7/7
  1670 | D:3      | Found a stormy altar of Qazlal.
  1750 | D:3      | Reached * piety under Wu Jian
  1934 | D:3      | Reached skill level 4 in Fighting
  2209 | D:4      | Reached skill level 1 in Evocations
  2209 | D:4      | Reached XP level 7. HP: 35/37 MP: 8/8
  2230 | D:4      | Found a staircase to the Ecumenical Temple.
  2280 | D:4      | Found an iron altar of Okawaru.
  2498 | D:4      | Found a transporter.
  2515 | D:4      | Found a transporter.
  2516 | D:4      | Noticed TheTruth's ghost (amateur HuIE)
  2533 | D:4      | Noticed a +0 hand axe
  2534 | D:4      | Noticed a +0 dagger
  2538 | D:4      | Found a hide-covered altar of Uskayaw.
  2603 | D:5      | Entered Level 5 of the Dungeon
  2657 | D:5      | Noticed Blork the orc
  2674 | D:5      | Noticed Blork
  2674 | D:5      | Blork the orc changed into Blork the adder
  2677 | D:5      | Killed Blork the adder
  3042 | D:5      | Found a burning altar of Makhleb.
  3112 | D:5      | Found a blossoming altar of Fedhas.
  3113 | D:5      | Found a sparkling altar of Nemelex Xobeh.
  3310 | D:6      | Reached skill level 5 in Shields
  3310 | D:6      | Gained mutation: You have razor-sharp teeth. [Vine Stalker
                  | growth]
  3310 | D:6      | Reached XP level 8. HP: 42/42 MP: 10/10
  3385 | D:6      | Found a radiant altar of Vehumet.
  3467 | D:6      | Reached skill level 5 in Fighting
  3482 | D:6      | Reached ** piety under Wu Jian
  3561 | D:6      | Noticed Duvessa
  3598 | D:6      | Killed Duvessa
  3610 | D:6      | Noticed Dowan
  3620 | D:6      | Killed Dowan
  3692 | D:6      | Noticed Pikel
  3704 | D:6      | Gained mutation: You evolve. [potion of mutation]
  3704 | D:6      | Gained mutation: Your spells are a little easier to cast,
                  | but a little less powerful. [potion of mutation]
  3704 | D:6      | Gained mutation: You have a pair of small horns on your
                  | head. [potion of mutation]
  3704 | D:6      | Gained mutation: You are agile. (Dex +2) [potion of
                  | mutation]
  3760 | D:6      | Killed Pikel
  3760 | D:6      | Reached XP level 9. HP: 27/48 MP: 7/12
  3769 | D:6      | Reached skill level 6 in Fighting
  3873 | D:6      | Found a stormy altar of Qazlal.
  4637 | D:7      | Got a creamy pearl robe
  4648 | D:7      | Identified the +2 robe "Wuvyreri" {rPois rC- Regen+ Int-2}
                  | (You found it on level 7 of the Dungeon)
  4741 | D:7      | Reached *** piety under Wu Jian
  4768 | D:7      | Reached skill level 1 in Dodging
  4770 | D:7      | Reached skill level 5 in Armour
  4787 | D:7      | Reached skill level 7 in Fighting
  4838 | D:7      | Found a snail-covered altar of Cheibriados.
  5021 | D:7      | Gained mutation: You possess an exceptional clarity of
                  | mind. [evolution]
  5282 | D:8      | Found a white marble altar of Elyvilon.
  5425 | D:8      | Reached skill level 5 in Maces & Flails
  5425 | D:8      | Reached XP level 10. HP: 31/55 MP: 8/14
  5427 | D:8      | Reached skill level 1 in Stealth
  5794 | D:8      | Found an ancient bone altar of Kikubaaqudgha.
  6207 | D:9      | Found a bloodstained altar of Trog.
  6583 | D:9      | Reached **** piety under Wu Jian
  6733 | D:9      | Reached skill level 8 in Fighting
  6785 | D:9      | Found Numohauh's Antique Weapon Boutique.
  6958 | D:9      | Bought a crude battleaxe for 414 gold pieces
  6966 | D:9      | Identified the +2 battleaxe "Wehir" {venom, rPois rN+ MR+}
                  | (You bought it in a shop on level 9 of the Dungeon)
  7005 | D:10     | Entered Level 10 of the Dungeon
  7445 | D:10     | Found Zymeoz's Armour Shoppe.
  7448 | D:10     | Noticed a two-headed ogre
  7639 | D:10     | Killed a two-headed ogre
  7692 | D:11     | Got a jewelled ring mail
  7699 | D:11     | Noticed Erica
  7820 | D:10     | Identified the +5 ring mail of the Cast Vote {rC- Regen+
                  | SInv} (You found it on level 11 of the Dungeon)
  7857 | D:11     | Killed Erica
  7857 | D:11     | Reached XP level 11. HP: 59/60 MP: 15/15
  7868 | D:11     | Found a staircase to the Lair.
  7876 | D:11     | Noticed a death yak
  7893 | D:11     | Reached skill level 9 in Fighting
  7934 | D:11     | Noticed a death yak
  7935 | D:11     | Noticed a death yak
  7953 | D:10     | Killed a death yak
  8016 | D:10     | Killed a death yak
  8088 | D:11     | Noticed a manticore
  8101 | D:11     | HP: 3/62 [manticore (2)]
  8102 | D:11     | Slain by a manticore

Levels and vault maps discovered:
D:1:      lemuel_arrival_hallway, layout_basic, minmay_tree_intersection,
          hex_intersection, minmay_tetromino_t4
D:2:      layout_loops_ring, lemuel_crystal_altar, lemuel_round_altar,
          first_ration, lightli_corner_chamber
D:3:      layout_basic, grunt_qazlal_sundering
D:4:      layout_basic, okawaru_trees_2, dancing_weapons_uskayaw,
          minmay_temple_entry_slanted, gammafunk_ghost_mausoleum
D:5:      layout_gridville, lemuel_crystal_altar,
          gammafunk_temple_overflow_pools, uniq_blork_the_orc
D:6:      layout_basic, kennysheep_mini, overflow_temple_1_default,
          uniq_duvessa, uniq_pikel
D:7:      layout_loops_ring, cheibriados_altar_1
D:8:      layout_basic, kiku_gazebo_garden_becter, elyvilon_altar_5
D:9:      layout_basic, old_standard_altar, serial_shops, shop
D:10:     layout_roguey, serial_shops, nicolae_shop_window_shopping
D:11:     layout_cave_pools, dpeg_lair_monsters, hangedman_fish_farm, uniq_erica

Skill      XL: |  1  2  3  4  5  6  7  8  9 10 11 |
---------------+----------------------------------+-----
Fighting       | 3 4 5 7 8 9 |  9.5
Shields        | 3 4 5 6 7 8 |  8.1
Maces & Flails | 2 3 4 5 |  5.0
Throwing       | 1 2 |  2.0
Armour         | 3 4 5 6 7 |  7.3
Evocations     | 1 2 4 |  4.0
Dodging        | 1 2 |  2.0
Stealth        | 4 |  4.3

Action                   |  1- 3 |  4- 6 |  7- 9 | 10-12 || total
-------------------------+-------+-------+-------+-------++-------
Melee: Flail             |    92 |   149 |   238 |       ||   479
       Bite              |    16 |    38 |   105 |    71 ||   230
       Headbutt          |       |       |    34 |    58 ||    92
       Whip              |       |       |   120 |   139 ||   259
       War axe           |       |       |    19 |       ||    19
       Battleaxe         |       |       |       |    77 ||    77
Throw: Stone             |    11 |     1 |       |     3 ||    15
       Boomerang         |       |     3 |       |     7 ||    10
       Dart              |       |       |       |     6 ||     6
Invok: Lunge             |       |    17 |    43 |    17 ||    77
       Whirlwind         |       |       |    10 |     8 ||    18
Evoke: Wand              |       |       |     1 |       ||     1
  Use: Scroll            |     3 |       |     3 |       ||     6
       Potion            |     2 |       |     9 |       ||    11
 Stab: Sleeping          |       |       |     3 |     5 ||     8
  Eat: Chunk             |       |     5 |    10 |    10 ||    25
Armor: Scale mail        |    37 |    49 |    72 |    24 ||   182
       Skin              |       |       |    16 |       ||    16
       Robe              |       |       |     6 |     5 ||    11
       Ring mail         |       |       |       |    11 ||    11
Dodge: Dodged            |    30 |    40 |   106 |    77 ||   253
Block: Shield            |    42 |    29 |   115 |    70 ||   256
       Buckler           |       |    15 |    54 |       ||    69
       Reflection        |       |       |     8 |       ||     8
